 Dungeon Crawl Stone Soup version 0.17.0 (webtiles) character file.

58419 patrick the Impaler (level 14, -7/116 HPs)
             Began as a Merfolk Abyssal Knight on Nov 14, 2015.
             Was an Elder of Lugonu.
             Mangled by a spriggan rider
             ... wielding a +0 spear
              (15 damage)
             ... on level 8 of the Lair of Beasts.
             The game lasted 00:58:23 (24961 turns).

patrick the Impaler (Merfolk Abyssal Knight)       Turns: 24961, Time: 00:58:23

Health: -7/116     AC: 15    Str: 16    XL:     14   Next: 90%
Magic:  10/22      EV: 20    Int: 18    God:    Lugonu [****..]
Gold:   883        SH: 14    Dex: 13    Spells: 1 memorised, 23 levels left

rFire  . . .     SeeInvis +     b - +9 long sword of Offence {drain, Str+3}
rCold  . . .     Clarity  .     e - +3 ring mail
rNeg   . . .     SustAt   .     n - +2 shield
rPois  +         Gourm    .     (no helmet)
rElec  .         Spirit   .     (no cloak)
rCorr  .         Warding  .     A - +2 pair of gloves
rMut   .         Stasis   .     v - +2 pair of boots
MR     +....                    x - amulet of faith
Stlth  +.........               y - ring of see invisible
                                p - +3 ring of evasion

@: very slightly contaminated, non-regenerating, badly diseased, somewhat
resistant to hostile enchantments, very unstealthy
A: change form in water, swift swim, blink, clever 1, poison resistance
a: Blink, Depart the Abyss, Bend Space, Banish, Corrupt, Renounce Religion


You were on level 8 of the Lair of Beasts.
You worshipped Lugonu.
Lugonu was greatly pleased with you.
You were very full.

You visited 3 branches of the dungeon, and saw 17 of its levels.
You visited the Abyss 2 times.

You collected 883 gold pieces.

Inventory:

Hand Weapons
 a - a +0 trident
 b - the +9 long sword of Offence (weapon) {drain, Str+3}
   (You found it on level 3 of the Lair of Beasts)

   A truly terrible weapon, it drains the life of those it strikes.
   It affects your strength (+3).
 c - the +5 dagger of Dischord {pain, Str+5 Int+4}
   (You found it on level 7 of the Dungeon)

   In the hands of one skilled in necromantic magic, it inflicts extra damage on
   living creatures.
   It affects your strength (+5).
   It affects your intelligence (+4).
 d - the +9 rapier of Might {pain, +Rage Dex-3 Stlth+}
   (You found it on level 8 of the Dungeon)

   In the hands of one skilled in necromantic magic, it inflicts extra damage on
   living creatures.
   It affects your dexterity (-3).
   It lets you go berserk.
   It makes you more stealthy.
Missiles
 f - 6 javelins (quivered)
 g - 4 curare-tipped needles
Armour
 e - a +3 ring mail (worn)
 n - a +2 shield (worn)
 v - a +2 pair of boots (worn)
 A - a +2 pair of gloves (worn)
Jewellery
 p - a +3 ring of evasion (left hand)
 x - an amulet of faith (around neck)
 y - a ring of see invisible (right hand)
Wands
 z - a wand of hasting (0)
 B - a wand of digging (8)
 G - a wand of flame (28)
Scrolls
 k - 4 scrolls of magic mapping
 o - a scroll of identify
 s - 2 scrolls of amnesia
 u - 4 scrolls of remove curse
 w - a scroll of fog
 H - a scroll of recharging
 I - 2 scrolls of enchant weapon
 M - a scroll of fear
Potions
 i - 2 potions of flight
 q - 2 potions of brilliance
 N - a potion of magic
Books
 j - a book of Alchemy

   Spells                             Type                      Level
   a - Sublimation of Blood           Necromancy                   2
   b - Ignite Poison                  Fire/Transmutation/Poison    3
   c - Alistair's Intoxication        Transmutation/Poison         4
   d - Condensation Shield            Ice                          4
   e - Petrify                        Transmutation/Earth          4
   f - Irradiate                      Conjuration/Transmutation    5
 t - a book of Envenomations

   Spells                             Type                      Level
   a - Spider Form                    Transmutation/Poison         3
   b - Alistair's Intoxication        Transmutation/Poison         4
   c - Olgreb's Toxic Radiance        Poison                       4
   d - Poisonous Cloud                Conjuration/Poison/Air       6
 D - a book of Beasts

   Spells                             Type                      Level
   a - Summon Butterflies             Summoning                    1
   b - Call Canine Familiar           Summoning                    3
   c - Summon Ice Beast               Ice/Summoning                4
   d - Summon Mana Viper              Hexes/Summoning              5
   e - Summon Hydra                   Summoning                    7
Comestibles
 l - 46 fruits
 r - 4 meat rations
 C - 16 royal jellies
 E - 8 bread rations
 J - a slice of pizza


   Skills:
 + Level 12.9 Fighting
 - Level 5.0 Long Blades
 + Level 15.9 Polearms
 + Level 5.3 Armour
 + Level 14.4 Dodging
 + Level 11.5 Shields
 + Level 5.9 Spellcasting
 - Level 6.0 Invocations


You had 23 spell levels left.
You knew the following spells:

 Your Spells              Type           Power        Failure   Level  Hunger
a - Summon Butterflies    Summ           #.......     38%         1    None


Dungeon Overview and Level Annotations

Branches:
Dungeon (8/15)             Temple (1/1) D:6            Lair (8/8) D:8
  Swamp (0/4) Lair:6       Spider (0/4) Lair:5        Slime (0/6) Lair:6

Altars:
Ashenzari
Cheibriados
Dithmenos
Elyvilon
Fedhas
Gozag
Kikubaaqudgha
Makhleb
Okawaru
Qazlal
Ru
Sif Muna
Trog
Vehumet
Xom
Yredelemnul
Zin
The Shining One

Shops:
D:5 }

Annotations:
Lair:6 exclusion: 2 oklob plants
Lair:8 corrupted, Eucla's ghost, journeyman MiGl
Abyss:1 Grinder, Prince Ribbit


Innate Abilities, Weirdness & Mutations

You revert to your normal form in water.
You are very nimble and swift while swimming.
You can translocate small distances at will.
Your mind is acute. (Int +2)
Your system is resistant to poisons.


Message History

Found 5 gold pieces.
You feel ill.
A small abomination comes into view.
You feel ill.
You feel ill.
Found a potion of heal wounds and 12 gold pieces.
The neqoxec shouts!
You feel ill.
You feel ill.
You block the small abomination's attack.
You block the small abomination's attack.
You feel ill.
The neqoxec gestures.
You pass through the gate.
Welcome back to the Lair of Beasts!
Level annotation: corrupted, Eucla's ghost, journeyman MiGl You feel somewhat less full.
You can no longer gate yourself to the Abyss.
The spriggan rider hits you with a spear!
You die...

*,,,,,**,,,,.♣..♣
****,*
*8,,,,**,,,,♣...*
*,****
*,,,,,*****♣♣..♣*
*,,,* *,,,,,*
♣...♣ *,,,**
**...,* ♣...♣
*,,,,* *..♣**
♣♣♣.[♣♣ *,,,,,
*i.♣ ♣...♣)♣
*,,,,, *..♣
♣♣i.♣♣÷♣ ***,,,
*H.* ♣♣@♣♣♣♣.♣♣
*,,, ♣♣i♣* ♣i.♣
♣..♣♣ **** ♣hi♣
♣.♣♣ ♣♣..♣♣♣# *,
♣)♣* ♣♣..♣♣
♣.....# ** ♣i♣
♣..♣.♣ ♣♣...###
*, ♣i♣♣♣♣♣...♣♣
♣.....# **
♣♣.♣♣...♣♣.♣
♣.....###
♣§♣....♣♣i♣♣
♣♣......##
♣......♣♣..♣♣
♣.......##


You could see a spriggan rider and a spriggan.

Vanquished Creatures
  Harold (Lair:2)
  2 catoblepae (Lair:6)
  A queen ant (Lair:6)
  9 death yaks
  Urug (Lair:4)
  9 elephants
  5 black mambas
  2 torpor snails (Lair:6)
  4 spiny frogs
  5 fire drakes
  A queen bee (Lair:1)
  A troll (D:8)
  The ghost of Eucla the Ruffian, an amateur NaMo (D:4)
  6 komodo dragons
  10 polar bears
  18 blink frogs
  5 redbacks (Lair:8)
  8 spriggans (Lair:8)
  3 basilisks
  4 trapdoor spiders (Lair:5)
  8 hippogriffs
  46 yaks
  26 wolves
  12 soldier ants (Lair:6)
  22 water moccasins
  9 porcupines
  4 wasps (Lair:8)
  3 black bears
  3 ice beasts
  2 ogres
  A phantom (D:5)
  19 crocodiles
  3 centaurs
  A big kobold (D:8)
  A water moccasin zombie (D:8)
  22 giant frogs
  6 scorpions
  31 killer bees
  An electric eel (D:8)
  2 crimson imps (D:8)
  A gnoll shaman (D:6)
  5 hounds
  2 centaur zombies
  An orc priest (D:8)
  7 orc wizards
  A giant frog skeleton (D:4)
  13 iguanas
  A centaur skeleton (D:5)
  Terence (D:3)
  42 worker ants
  21 sheep
  A hound skeleton (D:4)
  A worker ant zombie (D:7)
  97 river rats
  6 adders
  11 gnolls
  2 shadow imps
  3 oozes
  A worm (D:3)
  5 giant geckos
  26 orcs
  A ball python (D:4)
  8 giant cockroaches
  7 goblins
  6 hobgoblins
  15 jackals
  4 kobolds
  A quokka (D:2)
  8 bats
  14 giant newts
  2 jackal skeletons
  A quokka skeleton (D:4)
  2 quokka zombies
  7 rats
  A spectral orc (D:2)
  A fungus (Lair:8)
644 creatures vanquished.

Vanquished Creatures (collateral kills)
  A wolf (Lair:3)
1 creature vanquished.

Vanquished Creatures (others)
  6 hydras
  A death yak (Lair:4)
  A black mamba (Lair:1)
  4 elephants (Lair:3)
  7 spiny frogs
  7 komodo dragons
  A polar bear (Lair:8)
  A spriggan (Lair:8)
  6 yaks (Lair:8)
  4 wolves
  A water moccasin (Lair:8)
  A sky beast (D:8)
  An ogre (D:5)
  A centaur (D:6)
  A crocodile (Lair:8)
  3 electric eels
  2 jellies
  4 sheep (Lair:8)
  50 fungi
  45 plants
  4 starspawn tentacles (Lair:8)
  224 starspawn tentacle segments (Lair:8)
375 creatures vanquished.

Grand Total: 1020 creatures vanquished

Notes
Turn   | Place    | Note
--------------------------------------------------------------
     0 | Abyss:1  | patrick the Merfolk Abyssal Knight began the quest for the Orb.
     0 | Abyss:1  | Reached XP level 1. HP: 18/18 MP: 2/2
   123 | Abyss:1  | Found a corrupted altar of Lugonu.
   237 | Abyss:1  | Noticed a large abomination
   331 | Abyss:1  | Noticed a sun demon
   343 | D:1      | Escaped the Abyss
   591 | D:1      | Reached XP level 2. HP: 20/24 MP: 3/3
   656 | D:1      | Reached * piety under Lugonu
   854 | D:1      | Reached XP level 3. HP: 22/29 MP: 3/5
  1478 | D:2      | Reached ** piety under Lugonu
  1933 | D:2      | Found a snail-covered altar of Cheibriados.
  1969 | D:2      | Found a basalt altar of Yredelemnul.
  2089 | D:2      | Reached XP level 4. HP: 32/37 MP: 6/6
  2215 | D:3      | Found a faded altar to an unknown god.
  2455 | D:3      | Reached skill level 4 in Polearms
  2528 | D:3      | Noticed Terence
  2564 | D:3      | Killed Terence
  2915 | D:4      | Reached *** piety under Lugonu
  2924 | D:4      | Reached XP level 5. HP: 37/42 MP: 7/7
  2948 | D:4      | Reached skill level 1 in Shields
  3134 | D:4      | Found a glowing silver altar of Zin.
  3240 | D:4      | Reached XP level 6. HP: 36/49 MP: 8/8
  3489 | D:4      | Reached skill level 5 in Polearms
  3519 | D:4      | Noticed Eucla's ghost (amateur NaMo)
  3522 | D:4      | Gained mutation: Your system is resistant to poisons. [potion of mutation]
  3522 | D:4      | Gained mutation: Your mind is acute. (Int +2) [potion of mutation]
  3522 | D:4      | Gained mutation: You can translocate small distances at will. [potion of mutation]
  3620 | D:4      | Killed Eucla's ghost
  3620 | D:4      | Reached skill level 5 in Fighting
  3620 | D:4      | Reached skill level 5 in Dodging
  3620 | D:4      | Reached XP level 7. HP: 23/56 MP: 10/10
  3934 | D:5      | Entered Level 5 of the Dungeon
  4434 | D:5      | Reached skill level 6 in Polearms
  4510 | D:5      | Found Saer's Quality Used Wands.
  4679 | D:5      | Reached XP level 8. HP: 56/63 MP: 11/11
  4793 | D:5      | Reached skill level 5 in Invocations
  5161 | D:6      | Found a staircase to the Ecumenical Temple.
  5170 | Temple   | Entered the Ecumenical Temple
  5901 | D:4      | Reached skill level 7 in Polearms
  6357 | D:6      | Reached **** piety under Lugonu
  6384 | D:6      | Noticed Prince Ribbit
  6385 | D:6      | Banished Prince Ribbit
  6388 | D:6      | Noticed Grinder
  6392 | D:6      | Banished Grinder
  6392 | D:6      | Reached XP level 9. HP: 53/71 MP: 8/13
  6700 | D:6      | Found a sacrificial altar of Ru.
  6960 | D:7      | Found an iron altar of Okawaru.
  7180 | D:7      | Reached skill level 8 in Polearms
  7180 | D:7      | Reached skill level 5 in Shields
  7350 | D:7      | Found a sand-covered staircase.
  7657 | D:7      | Got a bone dagger
  7658 | D:7      | Identified the +5 dagger of Dischord {pain, Str+5 Int+4} (You found it on level 7 of the Dungeon)
  7742 | D:8      | Got a jewelled rapier
  7773 | D:7      | Identified the +9 rapier of Might {pain, +Rage Dex-3 Stlth+} (You found it on level 8 of the Dungeon)
  8093 | D:8      | Reached skill level 9 in Polearms
  8150 | D:8      | Found a burning altar of Makhleb.
  8304 | D:8      | Found a staircase to the Lair.
  8315 | D:8      | Reached XP level 10. HP: 30/80 MP: 14/14
  8686 | D:8      | Reached skill level 10 in Polearms
  9098 | D:8      | Found a deep blue altar of Sif Muna.
  9506 | Lair:1   | Entered Level 1 of the Lair of Beasts
 10243 | Lair:1   | Noticed a black mamba
 10245 | Lair:1   | Banished a black mamba
 10266 | Lair:1   | Reached skill level 10 in Dodging
 10323 | Lair:1   | Reached skill level 11 in Polearms
 10360 | Lair:1   | Reached ***** piety under Lugonu
 10382 | Lair:1   | Reached XP level 11. HP: 38/89 MP: 15/15
 11158 | Lair:1   | Noticed an eight-headed hydra
 11160 | Lair:1   | Banished an eight-headed hydra
 11638 | Lair:1   | Reached skill level 12 in Polearms
 12244 | Lair:2   | Reached skill level 10 in Fighting
 12814 | Lair:2   | Noticed Harold
 12859 | Lair:2   | Killed Harold
 13171 | Lair:2   | Reached skill level 1 in Armour
 13275 | Lair:2   | Reached XP level 12. HP: 98/98 MP: 13/16
 13336 | Lair:2   | Noticed a four-headed hydra
 13338 | Lair:2   | Banished a four-headed hydra
 13570 | Lair:2   | Reached skill level 13 in Polearms
 15024 | Lair:3   | Got an ichor-stained long sword
 15067 | Lair:3   | Identified the +9 long sword of Offence {drain, Str+3} (You found it on level 3 of the Lair of Beasts)
 15441 | Lair:3   | Learned a level 1 spell: Summon Butterflies
 15892 | Lair:4   | Reached skill level 1 in Spellcasting
 15903 | Lair:4   | Reached skill level 1 in Long Blades
 15996 | Lair:4   | Noticed a death yak
 15997 | Lair:4   | Noticed a death yak
 15998 | Lair:4   | Banished a death yak
 16035 | Lair:4   | Noticed a death yak
 16214 | Lair:4   | Banished a death yak
 16263 | Lair:4   | Banished a death yak
 16454 | Lair:4   | Noticed Urug
 16468 | Lair:4   | Killed Urug
 16468 | Lair:4   | Reached skill level 10 in Shields
 16657 | Lair:4   | You fall through a shaft!
 16783 | Lair:5   | Noticed a death yak
 16783 | Lair:5   | Noticed a death yak
 16785 | Lair:5   | Noticed a death yak
 16785 | Lair:5   | Noticed a death yak
 16786 | Lair:5   | Noticed a death yak
 16823 | Lair:5   | Killed a death yak
 16823 | Lair:5   | Reached XP level 13. HP: 58/106 MP: 17/17
 16835 | Lair:5   | Killed a death yak
 16839 | Lair:5   | Killed a death yak
 16839 | Lair:5   | Reached skill level 14 in Polearms
 16849 | Lair:5   | Killed a death yak
 16854 | Lair:5   | Killed a death yak
 17248 | Lair:5   | Found a hole to the Spider Nest.
 18516 | Lair:6   | Found a staircase to the Swamp.
 19786 | Lair:6   | Found a basalt altar of Yredelemnul.
 20182 | Lair:6   | Found a staircase to the Slime Pits.
 20963 | Lair:7   | Reached skill level 15 in Polearms
 20979 | Lair:7   | Reached XP level 14. HP: 77/115 MP: 20/20
 20994 | Lair:7   | Reached skill level 5 in Long Blades
 21741 | Lair:7   | Reached ****** piety under Lugonu
 22549 | Lair:8   | Entered Level 8 of the Lair of Beasts
 22652 | Lair:8   | Reached skill level 5 in Spellcasting
 22691 | Lair:8   | Reached skill level 5 in Armour
 23045 | Lair:8   | Noticed Eucla's ghost (journeyman MiGl)
 23514 | Lair:8   | Corrupted Lair:8
 23514 | Lair:8   | Noticed a tentacled starspawn
 23514 | Lair:8   | Noticed a tentacled starspawn
 24961 | Lair:8   | Escaped the Abyss
 24961 | Lair:8   | Mangled by a spriggan rider

Action                   |  1- 3 |  4- 6 |  7- 9 | 10-12 | 13-15 || total
-------------------------+-------+-------+-------+-------+-------++-------
Melee: Spear             |   164 |   327 |   604 |  1230 |       ||  2325
       Rapier            |       |       |    58 |    44 |       ||   102
       Glaive            |       |       |       |    50 |       ||    50
       Long sword        |       |       |       |   269 |  1172 ||  1441
       Trident           |       |       |       |   193 |       ||   193
Invok: Depart the Abyss  |     1 |       |       |       |     1 ||     2
       Banish            |       |       |     6 |    44 |    13 ||    63
       Corrupt           |       |       |       |       |     1 ||     1
       Enter the Abyss   |       |       |       |       |     1 ||     1
Evoke: Wand              |       |     2 |     9 |    24 |     9 ||    44
  Use: Scroll            |     1 |    11 |     8 |    11 |    15 ||    46
       Potion            |       |     8 |     5 |     8 |     6 ||    27
 Stab: Sleeping          |     2 |     2 |     1 |     1 |       ||     6
       Invisible         |       |     3 |       |       |       ||     3
  Eat: Chunk             |     2 |     7 |    16 |    30 |    25 ||    80
       Pizza             |       |       |     1 |     2 |       ||     3
       Beef jerky        |       |       |     1 |       |     1 ||     2
       Fruit             |       |       |       |     4 |       ||     4
       Meat ration       |       |       |       |     1 |     3 ||     4
       Bread ration      |       |       |       |     1 |       ||     1
